3A
GRAND FORKS CATERPILLARS @ BELLEVUE BRUINS
09/04/2025
 
TOP OF THE 1ST
Grand Forks Caterpillars batting - Pitching for Bellevue Bruins : RHP Roosevelt Guimond
Pitching: RHP Roosevelt Guimond
Batting: RHB Arnold Meurs 0-0: Foul Ball, location: 2F
0-1: Foul Ball, location: 2F
0-2: Ball
1-2: Ball
2-2: Strikes out swinging
Batting: RHB Ab van der Kamp 0-0: Swinging Strike
0-1: Foul Ball, location: 2F
0-2: Hit by Pitch
Batting: RHB José Pérez 0-0: Ball
1-0: Ball
2-0: Called Strike
2-1: Foul Ball, location: 2F
2-2: Ball
3-2: Fly out, F4 (Popup, 34D)
Batting: LHB Víctor Fortis 0-0: Called Strike
0-1: Swinging Strike
0-2: Ball
Ab van der Kamp is caught stealing 2nd base
Top of the 1st over - 0 run(s), 0 hit(s), 0 error(s), 0 left on base; Grand Forks 0 - Bellevue 0
BOTTOM OF THE 1ST
Bellevue Bruins batting - Pitching for Grand Forks Caterpillars : RHP Mito Shimada
Pitching: RHP Mito Shimada
Batting: LHB António Quintero 0-0: Ground out 2-3 (Groundball, 2R)
Batting: RHB Alonso Zamora 0-0: Ball
1-0: Ball
2-0: SINGLE (Groundball, 56S) (infield hit)
Batting: RHB Luis Ríos 0-0: Swinging Strike
0-1: Foul Ball, location: 2F
0-2: Ball
1-2: Grounds into double play, 4-6-3 (Groundball, 4)
Bottom of the 1st over - 0 run(s), 1 hit(s), 0 error(s), 0 left on base; Grand Forks 0 - Bellevue 0
TOP OF THE 2ND
Grand Forks Caterpillars batting - Pitching for Bellevue Bruins : RHP Roosevelt Guimond
Batting: LHB Víctor Fortis 0-0: Ball
1-0: Ball
2-0: Called Strike
2-1: Ball
3-1: Base on Balls
Batting: RHB Carlos Romero 0-0: Swinging Strike
0-1: Foul Ball, location: 2F
0-2: Ball
1-2: Strikes out swinging
Batting: LHB Santiago Reyes 0-0: Ground out 4-3 (Groundball, 4S)
Víctor Fortis to second
Batting: RHB Jorge Noutel 0-0: Foul Ball, location: 2F
0-1: Ball
1-1: Ball
2-1: Fly out, F4 (Line Drive, 34D)
Top of the 2nd over - 0 run(s), 0 hit(s), 0 error(s), 1 left on base; Grand Forks 0 - Bellevue 0
BOTTOM OF THE 2ND
Bellevue Bruins batting - Pitching for Grand Forks Caterpillars : RHP Mito Shimada
Batting: RHB Sancho Tornero 0-0: Foul Ball, location: 2F
0-1: Ground out 4-3 (Groundball, 34)
Batting: LHB José Barrón 0-0: Ball
1-0: Called Strike
1-1: Ball
2-1: Ball
3-1: Fly out, F3 (Popup, 3L)
Batting: LHB Mitchell Cusimano 0-0: Swinging Strike
0-1: Fly out, F7 (Flyball, 7S)
Bottom of the 2nd over - 0 run(s), 0 hit(s), 0 error(s), 0 left on base; Grand Forks 0 - Bellevue 0
TOP OF THE 3RD
Grand Forks Caterpillars batting - Pitching for Bellevue Bruins : RHP Roosevelt Guimond
Batting: LHB Michael Woodard 0-0: Fly out, F6 (Line Drive, 6M)
Batting: LHB Israel Peña 0-0: Ball
1-0: Swinging Strike
1-1: Ground out 4-3 (Groundball, 4)
Batting: RHB Arnold Meurs 0-0: Bunt for hit - play at first, batter OUT! 1-3
Top of the 3rd over - 0 run(s), 0 hit(s), 0 error(s), 0 left on base; Grand Forks 0 - Bellevue 0
BOTTOM OF THE 3RD
Bellevue Bruins batting - Pitching for Grand Forks Caterpillars : RHP Mito Shimada
Batting: RHB Eugene Parkinson 0-0: Ball
1-0: Ball
2-0: Ball
3-0: Called Strike
3-1: Fly out, F6 (Popup, 6)
Batting: RHB Loren Stallings 0-0: Foul Ball, location: 2F
0-1: Foul Ball, location: 2F
0-2: Ball
1-2: Ball
2-2: SINGLE (Line Drive, 56D)
Batting: RHB Jorge Rodríguez 0-0: Ball
1-0: Foul Ball, location: 2F
1-1: Fly out, F9 (Flyball, 9S)
Batting: LHB António Quintero 0-0: Called Strike
0-1: Ball
1-1: Called Strike
1-2: SINGLE (Groundball, 6MD)
Loren Stallings to second
Batting: RHB Alonso Zamora 0-0: Ball
1-0: Fly out, F7 (Flyball, 7S)
Bottom of the 3rd over - 0 run(s), 2 hit(s), 0 error(s), 2 left on base; Grand Forks 0 - Bellevue 0
TOP OF THE 4TH
Grand Forks Caterpillars batting - Pitching for Bellevue Bruins : RHP Roosevelt Guimond
Batting: RHB Ab van der Kamp 0-0: Called Strike
0-1: SINGLE (Line Drive, 34)
Batting: RHB José Pérez 0-0: Ball
1-0: Swinging Strike
1-1: Ball
2-1: Ball
3-1: Called Strike
3-2: Foul Ball, location: 2F
3-2: Foul Ball, location: 2F
3-2: Strikes out swinging
Batting: LHB Víctor Fortis 0-0: Ball
1-0: Swinging Strike
1-1: Fly out, F6 (Line Drive, 6M)
Batting: RHB Carlos Romero 0-0: Called Strike
0-1: Ball
1-1: Ball
2-1: Fielders Choice at 2nd, 5-4 (Groundball, 56)
Top of the 4th over - 0 run(s), 1 hit(s), 0 error(s), 0 left on base; Grand Forks 0 - Bellevue 0
BOTTOM OF THE 4TH
Bellevue Bruins batting - Pitching for Grand Forks Caterpillars : RHP Mito Shimada
Batting: RHB Luis Ríos 0-0: Ball
1-0: Ball
2-0: SINGLE (Flyball, 78S)
Batting: RHB Sancho Tornero 0-0: Called Strike
0-1: Ball
1-1: Ball
2-1: Ball
3-1: Fly out, F8 (Flyball, 8RM)
Batting: LHB José Barrón 0-0: Called Strike
0-1: Ball
Pickoff Throw by Catcher to First - Error! E2
Luis Ríos to second
1-1: Ball
2-1: Ball
3-1: Called Strike
3-2: Foul Ball, location: 2F
3-2: SINGLE (Line Drive, 89S)
Luis Ríos to third
Batting: LHB Mitchell Cusimano 0-0: Called Strike
0-1: Ball
José Barrón is caught stealing 2nd base
1-1: Foul Ball, location: 2F
1-2: Foul Ball, location: 2F
1-2: Foul Ball, location: 2F
1-2: SINGLE (Line Drive, 8LS)
Luis Ríos scores
Batting: RHB Eugene Parkinson 0-0: Called Strike
0-1: Fly out, F9 (Flyball, 9LD)
Bottom of the 4th over - 1 run(s), 3 hit(s), 1 error(s), 1 left on base; Grand Forks 0 - Bellevue 1
TOP OF THE 5TH
Grand Forks Caterpillars batting - Pitching for Bellevue Bruins : RHP Roosevelt Guimond
Batting: LHB Santiago Reyes 0-0: Ball
1-0: Called Strike
1-1: Swinging Strike
1-2: Foul Ball, location: 2F
1-2: Ball
2-2: Ball
3-2: SINGLE (Groundball, 34) (infield hit)
Batting: RHB Jorge Noutel 0-0: Ball
1-0: Sac Bunt - play at first, batter OUT! 5-4
Santiago Reyes to second
Batting: LHB Michael Woodard 0-0: Called Strike
0-1: Swinging Strike
0-2: Ball
1-2: Ground out 1-3 (Groundball, 15)
Batting: LHB Israel Peña 0-0: Called Strike
0-1: Foul Ball, location: 2F
0-2: Ball
1-2: Ball
2-2: Strikes out swinging
Top of the 5th over - 0 run(s), 1 hit(s), 0 error(s), 1 left on base; Grand Forks 0 - Bellevue 1
BOTTOM OF THE 5TH
Bellevue Bruins batting - Pitching for Grand Forks Caterpillars : RHP Mito Shimada
Batting: RHB Loren Stallings 0-0: Foul Ball, location: 2F
0-1: Ball
1-1: Ball
2-1: Ball
3-1: Foul Ball, location: 2F
3-2: Base on Balls
Batting: RHB Jorge Rodríguez 0-0: Ball
1-0: Ball
2-0: Foul Ball, location: 2F
2-1: Ball
3-1: Ground out 4-3 (Groundball, 4MS)
Loren Stallings to second
Batting: LHB António Quintero 0-0: Called Strike
0-1: Swinging Strike
0-2: Ball
1-2: Ground out 4-3 (Groundball, 34)
Loren Stallings to third
Batting: RHB Alonso Zamora 0-0: Ground out 5-3 (Groundball, 5)
Bottom of the 5th over - 0 run(s), 0 hit(s), 0 error(s), 1 left on base; Grand Forks 0 - Bellevue 1
TOP OF THE 6TH
Grand Forks Caterpillars batting - Pitching for Bellevue Bruins : RHP Roosevelt Guimond
Batting: RHB Arnold Meurs 0-0: Ball
1-0: Swinging Strike
1-1: Bunted foul
1-2: Ball
2-2: Ball
3-2: Base on Balls
Pitching: RHP Omar Casteneda
Batting: RHB Ab van der Kamp 0-0: Called Strike
0-1: Called Strike
0-2: Strikes out swinging
Batting: RHB José Pérez 0-0: Ball
1-0: Called Strike
1-1: Ball
Wild Pitch!
Arnold Meurs to second
2-1: Foul Ball, location: 2F
2-2: Fly out, F4 (Line Drive, 4)
Lined into DP, 4-6 (Line Drive, 4)
Top of the 6th over - 0 run(s), 0 hit(s), 0 error(s), 0 left on base; Grand Forks 0 - Bellevue 1
BOTTOM OF THE 6TH
Bellevue Bruins batting - Pitching for Grand Forks Caterpillars : RHP Mito Shimada
Batting: RHB Luis Ríos 0-0: SINGLE (Line Drive, 56S)
Batting: RHB Sancho Tornero 0-0: Hit by Pitch
Luis Ríos to second
Batting: LHB José Barrón 0-0: Swinging Strike
0-1: Ball
1-1: Ball
2-1: Fielders Choice at 2nd, 6-4 (Groundball, 6)
Luis Ríos to third
Batting: LHB Mitchell Cusimano 0-0: Ball
José Barrón steals 2nd base
1-0: Reached via error on a dropped throw, E1
Luis Ríos scores
José Barrón to third
Batting: RHB Eugene Parkinson 0-0: Called Strike
0-1: SINGLE (Groundball, 56S) (infield hit)
José Barrón scores
Mitchell Cusimano to second
Pitching: RHP Lúcio Galleyos
Batting: RHB Loren Stallings 0-0: Swinging Strike
0-1: Called Strike
0-2: Foul Ball, location: 2F
0-2: Foul Ball, location: 2F
0-2: Strikes out looking
Batting: RHB Jorge Rodríguez 0-0: Ball
1-0: Ball
2-0: Ball
3-0: Called Strike
3-1: Foul Ball, location: 2F
3-2: SINGLE (Groundball, 6MD)
Mitchell Cusimano to third
Eugene Parkinson to second
Mitchell Cusimano scores
Eugene Parkinson to third
Batting: LHB António Quintero 0-0: Foul Ball, location: 2F
0-1: Swinging Strike
0-2: Ball
1-2: Ground out 4-3 (Groundball, 4MS)
Bottom of the 6th over - 3 run(s), 3 hit(s), 1 error(s), 2 left on base; Grand Forks 0 - Bellevue 4
TOP OF THE 7TH
Grand Forks Caterpillars batting - Pitching for Bellevue Bruins : RHP Omar Casteneda
Batting: LHB Víctor Fortis 0-0: Ball
1-0: Swinging Strike
1-1: Ball
2-1: SINGLE (Line Drive, 6M)
Batting: RHB Carlos Romero 0-0: Ball
1-0: Fly out, F4 (Line Drive, 4M)
Batting: LHB Santiago Reyes 0-0: Swinging Strike
0-1: Foul Ball, location: 2F
0-2: Foul Ball, location: 2F
0-2: Strikes out swinging
Batting: RHB Jorge Noutel 0-0: Called Strike
0-1: Ball
1-1: Foul Ball, location: 2F
1-2: Strikes out swinging
Top of the 7th over - 0 run(s), 1 hit(s), 0 error(s), 1 left on base; Grand Forks 0 - Bellevue 4
BOTTOM OF THE 7TH
Bellevue Bruins batting - Pitching for Grand Forks Caterpillars : RHP Lúcio Galleyos
Batting: RHB Alonso Zamora 0-0: Ball
1-0: Foul Ball, location: 2F
1-1: Ball
2-1: Foul Ball, location: 2F
2-2: Strikes out looking
Batting: RHB Luis Ríos 0-0: Fly out, F9 (Flyball, 89M)
Batting: RHB Sancho Tornero 0-0: Called Strike
0-1: Ball
1-1: Ball
2-1: Foul Ball, location: 2F
2-2: Foul Ball, location: 2F
2-2: Foul Ball, location: 2F
2-2: Strikes out looking
Bottom of the 7th over - 0 run(s), 0 hit(s), 0 error(s), 0 left on base; Grand Forks 0 - Bellevue 4
TOP OF THE 8TH
Grand Forks Caterpillars batting - Pitching for Bellevue Bruins : RHP Omar Casteneda
Batting: LHB Michael Woodard 0-0: Foul Ball, location: 2F
0-1: Ground out U3 (Groundball, 3)
Batting: LHB Israel Peña 0-0: Called Strike
0-1: Swinging Strike
0-2: Ball
1-2: Foul Ball, location: 2F
1-2: Foul Ball, location: 2F
1-2: Foul Ball, location: 2F
1-2: Strikes out swinging
Batting: RHB Arnold Meurs 0-0: Ball
1-0: Ball
2-0: Ball
3-0: Base on Balls
Batting: RHB Ab van der Kamp 0-0: Ball
1-0: Foul Ball, location: 2F
1-1: Foul Ball, location: 2F
1-2: Foul Ball, location: 2F
1-2: Strikes out swinging
Top of the 8th over - 0 run(s), 0 hit(s), 0 error(s), 1 left on base; Grand Forks 0 - Bellevue 4
BOTTOM OF THE 8TH
Bellevue Bruins batting - Pitching for Grand Forks Caterpillars : RHP Lúcio Galleyos
Batting: LHB José Barrón 0-0: Ball
1-0: Fly out, F5 (Popup, 56S)
Pitching: LHP Seihaci Igarachi
Batting: LHB Mitchell Cusimano 0-0: Swinging Strike
0-1: Ball
1-1: Ball
2-1: Foul Ball, location: 2F
2-2: Strikes out swinging
Batting: RHB Eugene Parkinson 0-0: Called Strike
0-1: Ball
1-1: Foul Ball, location: 2F
1-2: Strikes out swinging
Bottom of the 8th over - 0 run(s), 0 hit(s), 0 error(s), 0 left on base; Grand Forks 0 - Bellevue 4
TOP OF THE 9TH
Grand Forks Caterpillars batting - Pitching for Bellevue Bruins : RHP Omar Casteneda
Batting: RHB José Pérez 0-0: Called Strike
0-1: Called Strike
0-2: Strikes out swinging
Batting: LHB Víctor Fortis 0-0: Ball
1-0: Foul Ball, location: 2F
1-1: Foul Ball, location: 2F
1-2: Ball
2-2: Ball
3-2: Strikes out swinging
Batting: RHB Carlos Romero 0-0: Ball
1-0: Ball
2-0: Called Strike
2-1: Ball
3-1: Called Strike
3-2: Strikes out swinging
Top of the 9th over - 0 run(s), 0 hit(s), 0 error(s), 0 left on base; Grand Forks 0 - Bellevue 4
Friday, December 30th, 2016 - OOTP Baseball 17.12 Build 75